 Dungeon Crawl Stone Soup version 0.18-a0-1628-g61c6396 (webtiles) character file.

35 Oddball22 the Insei (level 3, -3/18 HPs)
             Began as a Vine Stalker Transmuter on Mar 25, 2016.
             Slain by a hobgoblin
             ... wielding a +0 mace
              (6 damage)
             ... on level 2 of the Dungeon.
             The game lasted 00:02:27 (1101 turns).

Oddball22 the Insei (Vine Stalker Transmuter)       Turns: 1101, Time: 00:02:28

Health: -3/18      AC:  2    Str: 12    XL:     3   Next: 33%
Magic:  0/7        EV: 12    Int: 13    God:
Gold:   59         SH:  0    Dex: 15    Spells: 2 memorised, 3 levels left

rFire  . . .     SeeInvis .       - Unarmed
rCold  . . .     Gourm    .     b - +0 robe
rNeg   . . .     Faith    .     (no shield)
rPois  .         Spirit   +     (no helmet)
rElec  .         Dismiss  .     (no cloak)
rCorr  .         Reflect  .     (no gloves)
SustAt .         Harm     .     (boots currently unavailable)
MR     .....                    (no amulet)
Stlth  +.........               (no ring)
                                (no ring)

@: appendage (expiring), very slightly contaminated, not resistant to hostile
enchantments, very unstealthy
A: fangs 2, talons 3, regeneration 1, magic shield, antimagic bite, no device
heal 3, rot immunity
a: End Transformation


You were on level 2 of the Dungeon.
You were not hungry.
You had grown temporary talons.
You visited 1 branch of the dungeon, and saw 2 of its levels.

You collected 59 gold pieces.

Inventory:

Missiles
 a - 45 arrows
Armour
 b - a +0 robe (worn)
Scrolls
 f - 2 scrolls of remove curse {unknown}
 h - 4 scrolls of identify {unknown}
 j - a scroll of fog {unknown}
 k - a scroll of fear {unknown}
 o - a scroll of enchant armour {unknown}
Potions
 e - a potion of invisibility {unknown}
 i - a potion of cure mutation {unknown}
 m - a potion of degeneration {unknown}
 n - a potion of haste {unknown}
Books
 c - a book of Changes

   Spells                             Type                      Level
   a - Beastly Appendage              Transmutation                1
   b - Sticks to Snakes               Transmutation                2
   c - Spider Form                    Transmutation/Poison         3
   d - Ice Form                       Ice/Transmutation            4
   e - Blade Hands                    Transmutation                5
Comestibles
 d - a bread ration
 g - a chunk of flesh
 l - a beef jerky


   Skills:
 * Level 1.8 Fighting
 - Level 1.5 Dodging
 + Level 3.2 Unarmed Combat
 - Level 2.5 Spellcasting
 + Level 2.4 Transmutations
 + Level 0.2 Poison Magic


You had 3 spell levels left.
You knew the following spells:

 Your Spells              Type           Power        Failure   Level  Hunger
a - Beastly Appendage     Trmt           #.....       10%         1    #......
b - Spider Form           Trmt/Pois      #.........   52%         3    ###....


Dungeon Overview and Level Annotations

Branches:
Dungeon (2/15)

Altars:
Dithmenos
Xom


Innate Abilities, Weirdness & Mutations

You have extremely sharp teeth.
Your natural rate of healing is unusually fast.
When hurt, damage is shared between your health and your magic reserves.
Your bite disrupts and absorbs the magic of your enemies.
Potions and wands cannot restore your health.
You are immune to rotting.
You have claws for feet.


Message History

You miscast Spider Form.
You are very lightly contaminated with residual magic.
Multicoloured lights dance before your eyes!
Casting: Spider Form
Confirm with . or Enter, or press ? or * to list all spells.
Your feet morph into talons.
You see here a stone.
The hobgoblin barely misses you.
You hit the hobgoblin.
The hobgoblin is severely wounded.
The hobgoblin hits you with a mace.
You barely miss the hobgoblin.
The hobgoblin is severely wounded.
The hobgoblin hits you with a mace.
* * * LOW HITPOINT WARNING * * *
You hit the hobgoblin but do no damage.
The hobgoblin is severely wounded.
Your transformation is almost over.
The hobgoblin hits you with a mace.
You die...

#.......#
###.#####.#
......##.#
.##.##.##.####
.#.).#.......#
......###.##.#
.#...####.##.#####
##.......##...((#
#.############@#
#.# #g# ##'## #(#
##...## #(#
#.....## # #(#
.......## ##. #(#
........####...#(#
........'>.......#
........####...#[#


You could see a hobgoblin.

Vanquished Creatures
  2 bats
  A giant cockroach (D:1)
  6 goblins
  5 hobgoblins
  4 jackals (D:1)
  4 kobolds (D:1)
  2 ball pythons (D:1)
  2 giant newts (D:2)
  4 rats
30 creatures vanquished.

Notes
Turn   | Place    | Note
--------------------------------------------------------------
     0 | D:1      | Oddball22 the Vine Stalker Transmuter began the quest for the Orb.
     0 | D:1      | Reached XP level 1. HP: 9/9 MP: 4/4
    82 | D:1      | Reached skill level 1 in Fighting
   137 | D:1      | Reached XP level 2. HP: 11/14 MP: 4/6
   574 | D:1      | Reached XP level 3. HP: 15/18 MP: 5/7
   715 | D:2      | Learned a level 3 spell: Spider Form
   732 | D:2      | Found a shadowy altar of Dithmenos.
   732 | D:2      | Found a shimmering altar of Xom.
  1101 | D:2      | Slain by a hobgoblin

Vault maps used:
D:1:      sevenhm_arrival_forest_fort_large_2
D:2:      gammafunk_temple_overflow_wave

Skill      XL: |  1 |
---------------+----+-----
Fighting       | 1 |  1.8
Dodging        | |  1.5
Unarmed Combat | |  3.2
Spellcasting   | |  2.5
Transmutations | |  2.4
Poison Magic   | |  0.2

Action                   || total
-------------------------++-------
Melee: Unarmed           ||   118
 Cast: Beastly Appendage ||     1
 Stab: Sleeping          ||     3
  Eat: Chunk             ||     1
